 Dungeon Crawl Stone Soup version 0.32-a0-136-gc02482bde3 (webtiles) character file.

Game seed: 14053673361909072719

52754 jasper the Stormcaller (level 14, -3/88 HPs)
             Began as a Deep Elf Air Elementalist on Feb 10, 2024.
             Was an Initiate of Gozag.
             Slain by a sixfirhy (9 damage)
             ... summoned by an orc high priest
             ... on level 2 of the Orcish Mines.
             The game lasted 00:39:16 (31125 turns).

jasper the Stormcaller (Deep Elf Air Elementalist) Turns: 31125, Time: 00:39:16

Health: -3/88      AC:  8    Str:  5    XL:     14   Next: 28%
Magic:  5/31       EV: 17    Int: 38    God:    Gozag
Gold:   4387       SH:  5    Dex: 15    Spells: 6/25 levels left

rFire   . . .        A - +6 Majin-Bo {spellvamp, MP+6 Int+6}
rCold   . . .        r - +0 buckler
rNeg    . . .        a - +0 robe
rPois   .            (no helmet)
rElec   .            E - +0 cloak
rCorr   .            (no gloves)
SInv    .            j - +0 pair of boots
Will    +....        n - amulet of regeneration
Stlth   ++           H - +4 ring of protection
HPRegen 1.14/turn    P - +6 ring of intelligence
MPRegen 0.22/turn

%: no passive effects
@: no status effects
A: no striking features
a: Renounce Religion, Potion Petition, Call Merchant, Bribe Branch


You were on level 2 of the Orcish Mines.
You worshipped Gozag.
Gozag was most pleased with you.
You visited 3 branches of the dungeon, and saw 17 of its levels.

You collected 4438 gold pieces.
You paid 51 gold pieces to Gozag.

Inventory:

Hand Weapons
 c - a +0 whip
 i - a +3 whip of freezing
 w - the +8 long sword of the Firefly {protect, rC+++ Will- Int+6 Stlth+}
   (You found it on level 6 of the Dungeon)

   Int+6:     It affects your intelligence (+6).
   rC+++:     It renders you almost immune to cold.
   Will-:     It decreases your willpower.
   Stlth+:    It makes you more stealthy.
 y - a +0 demon whip of venom
 A - the +6 Majin-Bo (weapon) {spellvamp, MP+6 Int+6}
   (You acquired it on level 8 of the Dungeon)

   Int+6:     It affects your intelligence (+6).
   MP+6:      It affects your magic capacity (+6).
Armour
 a - a +0 robe (worn)
 j - a +0 pair of boots (worn)
 r - a +0 buckler (worn)
 E - a +0 cloak (worn)
Magical Staves
 b - a staff of earth
 h - a staff of death
 k - a staff of alchemy
 o - a staff of conjuration
Jewellery
 d - a ring of fire
 n - an amulet of regeneration (around neck)
 p - a +6 ring of dexterity
 H - a +4 ring of protection (left hand)
 L - a ring of poison resistance
 P - a +6 ring of intelligence (right hand)
Talismans
 Q - a granite talisman
Wands
 B - a wand of flame (8)
 I - a wand of polymorph (7)
 M - a wand of paralysis (7)
 O - a wand of light (1)
Scrolls
 e - 3 scrolls of amnesia
 l - a scroll of teleportation
 m - 6 scrolls of fear
 s - 4 scrolls of enchant weapon
 u - 2 scrolls of fog
 v - a scroll of vulnerability
 x - 4 scrolls of revelation
 z - a scroll of blinking
 G - 8 scrolls of identify
 K - a scroll of poison
Potions
 f - 3 potions of mutation
 g - 7 potions of ambrosia
 q - a potion of berserk rage
 t - 2 potions of might
 C - 2 potions of lignification
 D - 2 potions of degeneration
 F - a potion of brilliance
 J - a potion of haste


   Skills:
 - Level 10.0 Fighting
 - Level 12.0 Dodging
 - Level 2.4 Stealth
 - Level 4.0 Shields
 - Level 6.2 Spellcasting
 - Level 7.0 Conjurations
 - Level 16.0 Air Magic
 - Level 6.0 Alchemy
 + Level 9.8 Shapeshifting


You had 6 spell levels left.
You knew the following spells:

 Your Spells              Type           Power      Damage    Failure   Level
a - Shock                 Conj/Air       100%       1d9       1%          1
b - Static Discharge      Conj/Air       100%       3-8/arc   1%          2
c - Swiftness             Air            93%        N/A       1%          3
d - Airstrike             Air            46%        2d(7-23)  1%          4
e - Fulminant Prism       Conj/Alch      28%        3d14      3%          4
f - Arcjolt               Conj/Air       39%        1d49      1%          5

Your spell library contained the following spells:

 Spells                   Type           Power      Damage    Failure   Level
 Magic Dart               Conj           100%       1d8       1%          1
 Searing Ray              Conj           100%       2d8       1%          2
 Vhi's Electric Charge    Tloc/Air       100%       N/A       1%          4
 Gell's Gravitas          Tloc           11%        N/A       16%         3
 Teleport Other           Tloc           11%        N/A       16%         3
 Dispersal                Tloc           5%         N/A       100%        6
 Maxwell's Capacitive Co  Air            46%        ∞         43%         8
 Chain Lightning          Conj/Air       39%        3d52      100%        9
 Fire Storm               Conj/Fire      19%        8d5       100%        9
 Shatter                  Erth           5%         3d8*      100%        9


Dungeon Overview and Level Annotations

Branches:
Dungeon (11/15)            Temple (0/1) D:4            Lair (4/5) D:10
 Shoals (0/4) Lair:2       Spider (0/4) Lair:3          Orc (2/2) D:10
    Elf (0/3) Orc:2
  Slime: Lair:4-5

Altars:
Ashenzari
Cheibriados
Elyvilon
Fedhas
Gozag
Sif Muna
Uskayaw
Vehumet
Xom
Zin
The Shining One

Annotations:
D:2 Sigmund
D:5 exclusion: statue
D:7 2 transporters, Newt's ghost, novice GrFi
Lair:3 1 runed translucent door, Heha Ogi's ghost, journeyman DjSh


Message History

You take 1 damage, and have 87/88 hp.
Okay, then.
The orc high priest mumbles some strange prayers to Beogh.
Health restored: 88 The hellwing disappears in a puff of smoke!
The orc warrior is no longer distracted by gold.
Things that are here:
8 gold pieces; a +0 hand axe The orc high priest utters an invocation to Beogh.
The sixfirhy is distracted by your dazzling golden aura.
Things that are here:
3 gold pieces; a +0 whip
Things that are here:
7 gold pieces; a +0 war axe The orc high priest utters an invocation to Beogh.
The orc high priest invokes the aid of Beogh against you.
Beogh smites you!
You take 9 damage, and have 79/88 hp.
Items here: $ )) [[.
The orc high priest calls down the wrath of Beogh upon you.
Beogh smites you!
You take 10 damage, and have 73/88 hp.
The orc high priest prays.
The sixfirhy hits you. The sixfirhy shocks you!
Items here: $ )) [[.
You take 9 damage, and have 64/88 hp.
The sixfirhy attacks as it pursues you! The sixfirhy hits you!
The sixfirhy shocks you!
The sixfirhy hits you but does no damage.
The sixfirhy hits you! The sixfirhy shocks you!
You block the sixfirhy's attack.
The orc high priest calls down the wrath of Beogh upon you.
Beogh smites you!
* * * LOW HITPOINT WARNING * * *
You take 47 damage, and have 17/88 hp.
MASSIVE DAMAGE!!
The sixfirhy hits you!
* * * LOW HITPOINT WARNING * * *
The sixfirhy shocks you!
You die...
Your body crumbles into a pile of gold.

##.............##.............
##........$....#..............
#.........$....#.#.#.#.#.#.#.#
#.....$............o3.$$3$3.34
##.$.$......$.$$.$..3..4......
##.$..$.....$..$o$..4.........
#..........$.$.#.#.#.#.#.#.#.#
#............3.#..............
#.......$....@$##.............
##.............####....$....##
#.........$.$..# ###.....###
#...........$..# ######
#......$..$..#################
##...........$.$>............#
#............$.$......$.....##
#.................$....$.$..#.
##.............$$...$..$..$...


You could see a sixfirhy (summoned).

Vanquished Creatures
  Saint Roka (Orc:2)
  Donald (Orc:2)
  A hydra (Lair:3)
  An ogre mage (Orc:2)
  7 two-headed ogres
  A boulder beetle (D:10)
  4 orc high priests (Orc:2)
  Amaemon (D:11)
  Sonja (Orc:2)
  2 skysharks
  3 orc sorcerers
  8 orc knights (Orc:2)
  Maurice (Orc:2)
  4 black mambas
  10 elephants
  An orange demon (D:11)
  7 cane toads
  A rime drake (Lair:2)
  10 komodo dragons
  Psyche (D:8)
  4 trolls
  A queen bee (D:9)
  2 polar bears
  20 blink frogs
  A jumping spider (Lair:3)
  A culicivora (Lair:3)
  32 yaks
  A wraith (D:9)
  Eustachio (D:5)
  2 wyverns
  2 basilisks
  5 wargs
  14 water moccasins
  A black bear (Lair:1)
  47 orc warriors
  4 boggarts (Lair:2)
  6 ogres
  18 wolves
  2 centaurs (D:9)
  A phantom (D:5)
  19 bullfrogs
  2 gnoll sergeants
  A scorpion (D:5)
  20 killer bees
  3 electric eels
  3 howler monkeys
  5 hounds
  31 orc priests
  3 sleepcaps
  22 orc wizards
  4 iguanas
  20 gnolls
  4 adders
  2 white imps
  2 ufetubi (D:6)
  4 dart slugs
  5 ribbon worms
  83 orcs
  7 bats
  8 endoplasms
  2 giant cockroaches
  4 goblins
  5 hobgoblins
  5 jackals
  2 quokkas
  4 ball pythons
  4 frilled lizards (D:3)
  8 kobolds
  3 rats
516 creatures vanquished.

Vanquished Creatures (others)
  A butterfly (D:10)
1 creature vanquished.

Grand Total: 517 creatures vanquished

Notes
Turn   | Place    | Note
-------+----------+-------------------------------------------
     0 | D:1      | jasper the Deep Elf Air Elementalist began the quest for
                  | the Orb.
     0 | D:1      | Reached XP level 1. HP: 10/10 MP: 6/6
   210 | D:1      | Reached XP level 2. HP: 15/15 MP: 4/8
   302 | D:1      | Found a faded altar of an unknown god.
   769 | D:1      | Learned a level 2 spell: Static Discharge
  1037 | D:2      | Reached skill level 4 in Air Magic
  1037 | D:2      | Reached XP level 3. HP: 19/19 MP: 1/9
  1041 | D:2      | Learned a level 3 spell: Swiftness
  1260 | D:2      | Noticed Sigmund
  1372 | D:2      | Reached XP level 4. HP: 24/24 MP: 0/10
  2162 | D:3      | Found a hide-covered altar of Uskayaw.
  2234 | D:3      | Found a blossoming altar of Fedhas.
  2532 | D:3      | Found a glowing silver altar of Zin.
  2949 | D:3      | Found an opulent altar of Gozag.
  2955 | D:3      | Became a worshipper of Gozag Ym Sagoz the Greedy
  3123 | D:4      | Found a staircase to the Ecumenical Temple.
  3262 | D:4      | Reached skill level 5 in Air Magic
  3267 | D:4      | Reached XP level 5. HP: 28/28 MP: 2/11
  3303 | D:4      | Learned a level 4 spell: Airstrike
  3430 | D:4      | Reached skill level 1 in Fighting
  3532 | D:4      | Found a glowing golden altar of the Shining One.
  3569 | D:4      | Noticed an ogre
  3582 | D:4      | Killed an ogre
  3583 | D:4      | Reached XP level 6. HP: 34/34 MP: 0/12
  3812 | D:4      | Reached skill level 6 in Air Magic
  4292 | D:5      | Entered Level 5 of the Dungeon
  4428 | D:5      | Noticed Eustachio
  4457 | D:5      | Killed Eustachio
  4458 | D:5      | Reached XP level 7. HP: 40/40 MP: 3/13
  4747 | D:5      | Reached skill level 7 in Air Magic
  5107 | D:5      | Reached skill level 5 in Dodging
  5307 | D:5      | Found a radiant altar of Vehumet.
  6176 | D:6      | Reached XP level 8. HP: 46/46 MP: 10/14
  6207 | D:6      | Reached skill level 8 in Air Magic
  6471 | D:6      | Identified the +8 long sword of the Firefly {protect, rC+++
                  | Will- Int+6 Stlth+}
  6784 | D:6      | Found a shimmering blue altar of Sif Muna.
  7774 | D:7      | Reached skill level 9 in Air Magic
  8110 | D:7      | Found a transporter.
  8115 | D:7      | Found a transporter.
  8116 | D:7      | Noticed Newt's ghost (novice GrFi)
  8274 | D:7      | Found a shimmering altar of Xom.
  8877 | D:8      | Found a broken altar of Ashenzari.
  8963 | D:8      | Identified a scroll of acquirement
  8963 | D:8      | Acquired the +6 Majin-Bo {spellvamp, MP+6 Int+6}
  8963 | D:8      | Found the +6 Majin-Bo {spellvamp, MP+6 Int+6}
  9112 | D:8      | Noticed Psyche
  9117 | D:8      | Killed Psyche
  9118 | D:8      | Reached XP level 9. HP: 52/52 MP: 10/15
  9291 | D:8      | Reached skill level 10 in Air Magic
 10394 | D:9      | Found a snail-covered altar of Cheibriados.
 10626 | D:9      | Learned a level 4 spell: Fulminant Prism
 10670 | D:9      | Noticed a queen bee
 10678 | D:9      | Reached skill level 1 in Alchemy
 10681 | D:9      | Killed a queen bee
 10820 | D:9      | Reached skill level 5 in Conjurations
 11572 | D:10     | Entered Level 10 of the Dungeon
 11827 | D:10     | Noticed a komodo dragon
 11827 | D:10     | Noticed a boulder beetle
 11864 | D:10     | Killed a komodo dragon
 11865 | D:10     | Reached skill level 5 in Alchemy
 11865 | D:10     | Reached XP level 10. HP: 58/58 MP: 1/16
 12915 | D:10     | Found a white marble altar of Elyvilon.
 12938 | D:10     | Reached skill level 1 in Shields
 13094 | D:10     | Found a staircase to the Lair.
 13421 | D:10     | Killed a boulder beetle
 13422 | D:10     | Reached skill level 5 in Fighting
 13638 | D:10     | Found a staircase to the Orcish Mines.
 14036 | D:11     | Noticed Amaemon
 14036 | D:11     | Noticed an orange demon
 14046 | D:11     | Killed an orange demon
 14047 | D:11     | Reached skill level 11 in Air Magic
 14052 | D:11     | Killed Amaemon
 14182 | D:11     | Noticed a two-headed ogre
 14190 | D:11     | Killed a two-headed ogre
 14191 | D:11     | Reached XP level 11. HP: 27/64 MP: 5/17
 14788 | D:11     | Identified the +6 great sword "Suas Uli" {pain, rPois rF+
                  | Int-5}
 15581 | Lair:1   | Entered Level 1 of the Lair of Beasts
 15772 | Lair:1   | Reached skill level 12 in Air Magic
 16113 | Lair:1   | Identified the +5 chain mail of Boruy {^Contam Str+4 Int+6}
 16444 | Lair:1   | Reached skill level 5 in Spellcasting
 16597 | Lair:1   | Learned a level 5 spell: Arcjolt
 16711 | Lair:1   | Reached skill level 13 in Air Magic
 17260 | Lair:1   | Reached skill level 10 in Dodging
 17844 | Lair:2   | Reached XP level 12. HP: 71/71 MP: 5/23
 18564 | Lair:2   | Reached skill level 14 in Air Magic
 19666 | Lair:2   | Found a staircase to the Shoals.
 20555 | Lair:3   | Found a hole to the Spider Nest.
 21248 | Lair:3   | Found a runed translucent door.
 21248 | Lair:3   | Noticed Heha Ogi's ghost (journeyman DjSh)
 21254 | Lair:3   | Noticed a seven-headed hydra
 21275 | Lair:3   | Killed a seven-headed hydra
 21276 | Lair:3   | Reached skill level 15 in Air Magic
 23271 | Lair:4   | Reached XP level 13. HP: 78/78 MP: 19/24
 24578 | Lair:4   | Reached skill level 16 in Air Magic
 25667 | Orc:1    | Entered Level 1 of the Orcish Mines
 27021 | Orc:2    | Entered Level 2 of the Orcish Mines
 27023 | Orc:2    | Noticed Donald
 27032 | Orc:2    | Killed Donald
 27421 | Orc:2    | Noticed Saint Roka
 27424 | Orc:2    | Reached skill level 10 in Fighting
 27425 | Orc:2    | Reached skill level 1 in Shapeshifting
 27728 | Orc:2    | Found a shimmering blue altar of Sif Muna.
 27871 | Orc:2    | Killed Saint Roka
 28047 | Orc:2    | Found a staircase to the Elven Halls.
 28057 | Orc:2    | Reached skill level 5 in Shapeshifting
 28783 | Orc:2    | Noticed Sonja
 28789 | Orc:2    | Killed Sonja
 29268 | Orc:2    | Reached XP level 14. HP: 88/88 MP: 16/25
 29540 | Orc:2    | Noticed Maurice
 29546 | Orc:2    | Killed Maurice
 31125 | Orc:2    | Slain by a sixfirhy

Illustrated notes

Levels and vault maps discovered:
D:1:      co_arrival_random_square_maze, layout_rooms,
          hellmonk_ecumenical_altar_heavens_door, minmay_octomino_e4
D:2:      layout_basic, uniq_sigmund
D:3:      layout_loops_corners, mainiacjoe_overflow_cross_hatched,
          nicolae_uskayaw_murder_on_the_dancefloor,
          pdpol_temple_overflow_zin_treasury_gozag_greed, minmay_quantized
D:4:      layout_gridville, lemuel_tele_altar, minmay_temple_entry_wispy
D:5:      layout_loops_cross, vehumet_statue, uniq_eustachio
D:6:      layout_layer_cave, old_standard_altar
D:7:      layout_rooms, mainiacjoe_overflow_24_doors, gammafunk_ghost_hive,
          st_stairs_3
D:8:      layout_basic, evilmike_ruin_ashenzari, minmay_misc_feat_chi,
          nicolae_underground_beach, uniq_psyche
D:9:      layout_loops_cross, lemuel_doored_altar, serial_glass,
          glass_columns_a, glass_columns_a, glass_columns_b, glass_columns_a,
          small_statue_intersection, minivault_7
D:10:     layout_stronghold, nicolae_elyvilon_peaceful_grove,
          grunt_lair_entry_orc_guard_hut, erik_orc_2
D:11:     layout_loops_ring, uniq_amaemon
Lair:1:   layout_gridlike
Lair:2:   layout_cave_pods, elwin_shoals_entry_rooms, kilobyte_rumbling_trees,
          grunt_megastairs_3
Lair:3:   layout_layer_cave, spider_nest_entry_funnel_web, gammafunk_ghost_grave
Lair:4:   layout_cave_pods, hibernation_bobbens, grunt_megastairs_2
Orc:1:    layout_caves, basic_altar, minmay_orc_temple_b
Orc:2:    st_orc_pillars, layout_caves, led_sif_book, uniq_maurice, uniq_sonja,
          uniq_donald, uniq_saint_roka

Skill      XL: |  1  2  3  4  5  6  7  8  9 10 11 12 13 14 |
---------------+-------------------------------------------+-----
Conjurations   | 2 3 6 7 |  7.0
Air Magic      | 4 5 6 7 9 10 11 13 15 16 | 16.0
Fighting       | 1 2 3 4 5 6 8 10 | 10.0
Dodging        | 3 4 5 7 8 10 11 12 | 12.0
Alchemy        | 5 6 |  6.0
Shields        | 4 |  4.0
Spellcasting   | 6 |  6.2
Shapeshifting  | 7 9 |  9.8
Stealth        | |  2.4

Action                     |  1- 3 |  4- 6 |  7- 9 | 10-12 | 13-15 || total
---------------------------+-------+-------+-------+-------+-------++-------
  Melee: Whip              |     1 |       |       |       |       ||     1
         Staff             |       |     5 |    20 |       |       ||    25
         Punch             |       |       |     1 |       |       ||     1
         Long sword        |       |       |     4 |       |       ||     4
         Bo                |       |       |       |    72 |    60 ||   132
   Cast: Shock             |    68 |   103 |   168 |   187 |    38 ||   564
         Static Discharge  |     2 |    10 |    38 |    59 |     3 ||   112
         Airstrike         |       |     3 |    29 |   138 |   162 ||   332
         Swiftness         |       |       |     1 |       |     1 ||     2
         Arcjolt           |       |       |       |    46 |    85 ||   131
  Evoke: Wand              |       |       |    11 |    15 |     7 ||    33
    Use: Scroll            |     6 |     5 |    10 |     4 |       ||    25
         Potion            |       |     1 |       |     2 |     3 ||     6
 Armour: Robe              |     5 |    23 |    94 |   222 |   124 ||   468
  Dodge: Dodged            |     4 |    10 |    69 |   178 |   138 ||   399
  Block: Buckler           |       |       |       |    55 |    34 ||    89

Table legend: (Time is in decaauts)
 A = Elapsed time spent in this place.
 B = Non-inter-level travel time spent in this place.
 C = Inter-level travel time spent in this place.
 D = Time resting spent in this place.
 E = Time spent auto-exploring this place.
 F = Levels seen in this place.
 G = Mean time per level.
                   A        B        C        D        E       F      G
               +--------+--------+--------+--------+--------+-----+--------+
         Total |  31207 |  30494 |    713 |   8386 |  18692 |  17 | 1835.7 |
       Dungeon |  15645 |  15246 |    399 |   2674 |  10975 |  11 | 1422.3 |
          Lair |  10077 |   9844 |    233 |   2789 |   6066 |   4 | 2519.2 |
  Orcish Mines |   5484 |   5404 |     80 |   2923 |   1650 |   2 | 2742.0 |
               +--------+--------+--------+--------+--------+-----+--------+

Top non-repeatable levels by time:
   Orc:2: 3442 daAuts
  Lair:3: 3084 daAuts
    D:10: 2559 daAuts
  Lair:2: 2443 daAuts
  Lair:1: 2368 daAuts
  Lair:4: 2180 daAuts
   Orc:1: 2042 daAuts
     D:5: 1727 daAuts
     D:6: 1558 daAuts
    D:11: 1513 daAuts
     D:8: 1444 daAuts
     D:9: 1442 daAuts
     D:2: 1262 daAuts
     D:4: 1182 daAuts
     D:7: 1109 daAuts
